 Dungeon Crawl Stone Soup version 0.31-a0-691-g409c26aa35 (webtiles) character file.

Game seed: 11851039067238001823

247 Dordric the Changeling (level 6, 0/28 HPs)
             Began as an Octopode Shapeshifter on Sept 7, 2023.
             Shot with a sling bullet by a goblin (3 damage)
             ... led by Robin
             ... on level 4 of the Dungeon.
             The game lasted 00:03:06 (2877 turns).

Dordric the Changeling (Octopode Shapeshifter)      Turns: 2877, Time: 00:03:09

Health: 0/28       AC:  6    Str: 19    XL:     6   Next: 11%
Magic:  6/6        EV: 10    Int: 12    God:
Gold:   100        SH:  0    Dex: 13    Spells: 5/5 levels left

rFire   . .          .
                       - Unarmed
rCold   . . .        (shield currently unavailable)
rNeg    . . .        (helmet currently unavailable)
rPois   .            (no amulet)
rElec   .            (no ring)
rCorr   .            (no ring)
SInv    .            (no ring)
Will    .....        (no ring)
Stlth   +            (no ring)
HPRegen 0.24/turn    (no ring)
MPRegen 0.10/turn    (no ring)
                     (no ring)

%: no passive effects
@: about to teleport, snake-form
A: constrict, reduced hp, almost no armour, amphibious, 8 rings, large,
(camouflage 1), (gelatinous body 1), (nimble swimmer 1), (tentacles)
a: Begin Untransformation


You were on level 4 of the Dungeon.
You were an enormous anaconda.
You visited 1 branch of the dungeon, and saw 4 of its levels.

You collected 100 gold pieces.

Inventory:

Hand Weapons
 d - a +0 sling of freezing
Talismans
 b - a beast talisman
 c - a flux talisman
 p - a serpent talisman (active)
Wands
 j - a wand of charming (10)
Scrolls
 g - a scroll of noise
 h - 2 scrolls of identify
 i - a scroll of silence
 k - 2 scrolls of teleportation
 q - a scroll of revelation {unknown}
Potions
 a - a potion of lignification
 e - 2 potions of curing {unknown}
 f - a potion of might {unknown}
 l - 2 potions of heal wounds {unknown}
 m - a potion of resistance {unknown}
 n - a potion of mutation {unknown}


   Skills:
 - Level 1.0 Fighting
 - Level 2.0 Dodging
 - Level 3.0 Unarmed Combat
 + Level 6.2 Shapeshifting


You had 5 spell levels left.
You didn't know any spells.
Your spell library was empty.

Dungeon Overview and Level Annotations

Branches:
Dungeon (4/15)
 Temple: D:4-7

Altars:
Kikubaaqudgha
Makhleb

Annotations:
D:4 Robin


Innate Abilities, Weirdness & Mutations

You are an enormous anaconda.
You have a powerful constriction melee attack.
Your maximum health is decreased, since you lack skill for your form.
Your armour is entirely melded.
You are incapable of wielding weapons or throwing items.
You cannot wear most types of armour.
You are amphibious.
You can wear up to eight rings at the same time.
((Your skin changes colour to match your surroundings (Stealth+).))
((Your rubbery body absorbs attacks. (AC +1, EV +1)))
((You are camouflaged when in or above water. (Stealth+)))
((You have tentacles for arms and can constrict up to eight enemies at once.))


Message History

You are no longer poisoned.
The goblin shouts!
The hobgoblin hits you but does no damage.
The phantom misses you.
You hit the phantom.
The phantom is lightly damaged.
The hobgoblin hits you.
The goblin unwields a +0 club.
The goblin wields a +0 sling.
The goblin shoots a sling bullet.
The sling bullet hits you. The phantom hits you.
The phantom blinks!
You blink.
Robin and 2 goblins come into view.
Robin is wielding a +6 heavy spear.
Found a scroll labelled CIASIG QIF.
The hobgoblin closely misses you. The hobgoblin closely misses you. x2
You closely miss the goblin.
Robin shouts!
Your grab misses the goblin.
The phantom hits you but does no damage.
Robin throws the goblin at you! The goblin barely misses you.
The hobgoblin closely misses you. The hobgoblin hits you.
* * * LOW HITPOINT WARNING * * *
The goblin hits you with a +0 dagger.
* * * LOW HITPOINT WARNING * * *
The goblin misses you. The goblin barely misses you.
The goblin unwields a +0 sling.
The goblin wields a +0 club.
The goblin hits you but does no damage.
As you read the scroll of teleportation, it crumbles to dust.
You feel strangely unstable. The phantom misses you.
The goblin hits you with a +0 dagger.
* * * LOW HITPOINT WARNING * * *
The goblin hits you but does no damage.
The goblin hits you with a +1 dagger of protection.
* * * LOW HITPOINT WARNING * * *
The hobgoblin hits you but does no damage.
The goblin hits you but does no damage. The hobgoblin misses you.
Blink to where?
Press: ? - help, Dir - move target
As you read the scroll labelled WAERAU LEBESOIXE, it crumbles to dust.
It was a scroll of blinking.
The goblin unwields a +0 club.
The goblin wields a +0 sling.
The goblin shoots a sling bullet.
The sling bullet hits you.
You die...

#....Wgg..# .. .. ....
##..gg§g..# #.##.. ....
.####..ggg#.#####.....##....
........g......? ...........
#....!.....# # #..#......
#.)........# #..........
#..........# #.##.......
#......)...# ####.#........
#......)).S###.............
#...........##.....(.#.....
#..........................
########...................
#...).................
#..............>......
#.....................
#########............#
#.......).....


You could see 2 hobgoblins and 5 goblins.

Vanquished Creatures
  An orc priest (D:4)
  3 iguanas
  4 adders
  An ufetubus (D:3)
  2 worms
  2 dart slugs (D:1)
  6 orcs
  6 ball pythons
  10 bats
  14 endoplasms
  3 giant cockroaches
  5 goblins
  6 hobgoblins
  2 jackals (D:3)
  6 quokkas
  3 frilled lizards (D:2)
  5 kobolds
  3 rats
82 creatures vanquished.

Notes
Turn   | Place    | Note
-------+----------+-------------------------------------------
     0 | D:1      | Dordric the Octopode Shapeshifter began the quest for the
                  | Orb.
     0 | D:1      | Reached XP level 1. HP: 13/13 MP: 1/1
    88 | D:1      | Reached XP level 2. HP: 18/18 MP: 2/2
   434 | D:1      | Found a faded altar of an unknown god.
   463 | D:1      | Reached XP level 3. HP: 23/23 MP: 3/3
   571 | D:1      | Reached skill level 4 in Shapeshifting
  1248 | D:2      | Reached XP level 4. HP: 28/28 MP: 4/4
  1716 | D:3      | Reached skill level 5 in Shapeshifting
  1950 | D:3      | Reached XP level 5. HP: 10/33 MP: 5/5
  2115 | D:3      | Found a burning altar of Makhleb.
  2115 | D:3      | Found an ancient bone altar of Kikubaaqudgha.
  2856 | D:4      | Reached skill level 6 in Shapeshifting
  2856 | D:4      | Reached XP level 6. HP: 21/38 MP: 6/6
  2873 | D:4      | Noticed Robin
  2877 | D:4      | Shot with a sling bullet by a goblin

Illustrated notes

Levels and vault maps discovered:
D:1:      dpeg_arrival_lava_temple_mockup, layout_basic,
          hellmonk_ecumenical_altar_lost_god
D:2:      layout_basic, hangedman_decor_growths
D:3:      layout_basic, gammafunk_temple_overflow_statue
D:4:      layout_rooms, nicolae_overflow_crystal_walls,
          minmay_temple_entry_antechambers, nicolae_ossuary_entry_plus,
          hex_large, uniq_robin

Skill      XL: |  1  2  3  4  5 |
---------------+----------------+-----
Shapeshifting  | 4 5 6 |  6.2
Fighting       | |  1.0
Dodging        | |  2.0
Unarmed Combat | |  3.0

Action                     |  1- 3 |  4- 6 || total
---------------------------+-------+-------++-------
  Melee: Unarmed           |    74 |    90 ||   164
         Constrict         |    27 |    19 ||    46
         Tentacles         |    16 |    21 ||    37
         Punch             |     6 |     1 ||     7
    Use: Scroll            |       |     6 ||     6
   Stab: Sleeping          |     7 |     5 ||    12
 Armour: Skin              |    36 |    57 ||    93
  Dodge: Dodged            |    40 |    41 ||    81
   Form: Anaconda          |       |     1 ||     1

Table legend: (Time is in decaauts)
 A = Elapsed time spent in this place.
 B = Non-inter-level travel time spent in this place.
 C = Inter-level travel time spent in this place.
 D = Time resting spent in this place.
 E = Time spent auto-exploring this place.
 F = Levels seen in this place.
 G = Mean time per level.
                   A        B        C        D        E       F      G
               +--------+--------+--------+--------+--------+-----+--------+
         Total |   2866 |   2797 |     69 |      0 |   2275 |   4 |  716.5 |
       Dungeon |   2866 |   2797 |     69 |      0 |   2275 |   4 |  716.5 |
               +--------+--------+--------+--------+--------+-----+--------+

Top non-repeatable levels by time:
     D:2: 932 daAuts
     D:3: 890 daAuts
     D:1: 772 daAuts
     D:4: 270 daAuts
